 Dungeon Crawl Stone Soup version 0.23.0-3-gf3c87f2 (webtiles) character file.

Game seed: 10570190224923590044

114 Monsterracer the Ruffian (level 4, -3/37 HPs)
             Began as a Minotaur Ice Elementalist on Feb 24, 2019.
             Was an Initiate of Qazlal.
             Killed by divine providence
             ... invoked by an orc priest
              (13 damage)
             ... on level 3 of the Dungeon.
             The game lasted 00:02:43 (3530 turns).

Monsterracer the Ruffian (MiIE)                     Turns: 3530, Time: 00:02:43

Health: -3/37      AC:  8    Str: 14    XL:     4   Next: 67%
Magic:  5/5        EV:  6    Int: 12    God:    Qazlal [......]
Gold:   172        SH:  0    Dex: 10    Spells: 5/5 levels left

rFire    . . .     SeeInvis .     - Unarmed
rCold    . . .     Gourm    .   (no shield)
rNeg     . . .     Faith    .   j - +0 chain mail
rPois    .         Spirit   .   (helmet restricted)
rElec    .         Reflect  .   (no cloak)
rCorr    .         Harm     .   (no gloves)
MR       .....                  (no boots)
Stlth    ..........             l - amulet of the acrobat
HPRegen  0.12/turn              (no ring)
MPRegen  0.09/turn              (no ring)

@: no status effects
A: retaliatory headbutt, horns 2
a: Renounce Religion


You were on level 3 of the Dungeon.
You worshipped Qazlal.
Qazlal was noncommittal.
You were not hungry.

You visited 1 branch of the dungeon, and saw 4 of its levels.

You collected 172 gold pieces.


Innate Abilities, Weirdness & Mutations

You reflexively headbutt those who attack you in melee.
You have a pair of horns on your head.


   Skills:
 + Level 2.5 Fighting
 + Level 1.0 Armour
 - Level 2.1 Dodging
 - Level 1.5 Stealth
 * Level 3.5 Unarmed Combat
 - Level 1.3 Spellcasting
   Level 0.6 Conjurations
   Level 2.1 Ice Magic
 + Level 1.0 Invocations


You had 5 spell levels left.
You didn't know any spells.
Your spell library contained the following spells:

 Spells                   Type           Power        Failure   Level  Hunger
 Freeze                   Ice            #...         98%         1    ##.....
 Throw Frost              Conj/Ice       #.....       100%        2    ###....
 Ozocubu's Armour         Chrm/Ice       #.......     100%        3    ####...
 Summon Ice Beast         Ice/Summ       #.......     100%        4    #####..
 Throw Icicle             Conj/Ice       #.......     100%        4    #####..

Inventory:

Armour
 e - a +2 leather armour of cold resistance
   (You took it off an orc on level 3 of the Dungeon)
 j - a +0 chain mail (worn)
   (You took it off an orc on level 3 of the Dungeon)
Jewellery
 l - an amulet of the acrobat (around neck)
   (You found it on level 3 of the Dungeon)
Wands
 n - a wand of paralysis (9)
   (You found it on level 3 of the Dungeon)
Scrolls
 r - 4 scrolls of remove curse
 t - a scroll of teleportation {!r}
 X - a scroll of blinking
Potions
 a - 2 potions of ambrosia {!q}
 d - 2 potions of heal wounds
 h - 2 potions of resistance
 i - 2 potions of lignification
 k - a potion of flight {unknown}
Comestibles
 b - 2 chunks of flesh
 c - 8 rations

Dungeon Overview and Level Annotations

Branches:
Dungeon (4/15)
 Temple: D:4-7

Altars:
Ashenzari
Fedhas
Okawaru
Qazlal

Annotations:
D:4 Natasha

.......#.#................≈≈≈≈.##
.....#.#......)...........≈≈_≈≈#.
..##.#.###................≈.≈.≈..
.......# ########...######.≈≈≈≈..
.......# ##...## #.#.###.
####.### #.....# #..^.... #.#
#.....# ###.#### #.# #.....# #.#
## #.# #@?...# #.# #. ####.#
#####.o...# #.# #. ...(.#
#.......#########.###. ..####
#.####..#............. .#.#
#....#..#.#######.#### #.##
#.##.#(.#.# #####.# .##
#.##.#..#.# #.....# ##
#.......#(# #.##### #.##......#
#.#


You could see an orc priest.


Message History

As you read the scroll of identify, it crumbles to dust.
i - 2 potions of heal wounds;
d - 2 potions of heal wounds
i - 2 potions of lignification
As you read the scroll labeled LOOCLO HEPPU, it crumbles to dust.
It is a scroll of enchant armour.
The +1 leather armour of cold resistance glows green for a moment.
Health restored: 37
As you read the scroll labeled EZOPSI QERGHEI, it crumbles to dust.
It is a scroll of amnesia.
Forget Freeze, freeing 1 spell level for a total of 5?
Your memory of Freeze unravels.
o - a scroll of amnesia;
j - a +0 chain mail (worn)
Drop what? 15/52 slots (_ for help) (? for menu, Esc to quit)
You start removing your armour.
You continue taking off your +0 chain mail. x4
You finish taking off your +0 chain mail.
You drop a +0 chain mail.
Okay, then.
j - a +0 chain mail
e - a +2 leather armour of cold resistance Wear which item? (? for menu, Esc to quit)
You start putting on your armour.
You continue putting on your +0 chain mail. x4
You finish putting on your +0 chain mail.
As you read the scroll labeled OHAIMOETEA, it crumbles to dust.
You feel blessed for a moment.
It was a scroll of remove curse.
r - 4 scrolls of remove curse
As you read the scroll labeled IKKAIL JONY, it crumbles to dust.
You feel strangely unstable.
It was a scroll of teleportation.
t - a scroll of teleportation
As you read the scroll labeled NIXKALL ZANEROUTSA, it crumbles to dust.
You assume a fearsome visage.
Nothing appears to happen.
It was a scroll of fear.
Drop what? 15/52 slots (_ for help) (? for menu, Esc to quit)
You drop a scroll of amnesia.
You start waiting.
Your surroundings suddenly seem different.
You see here 19 stones.
There is a stone staircase leading down here.
You climb downwards.
There is a stone staircase leading up here.
An orc priest is nearby!
The orc priest hits you with a +0 mace.
You take 1 damage, and have 36/37 hp.
You completely miss the orc priest. The orc priest hits you with a +0 mace.
Natasha, Servant of Life and Death comes into view.
You take 1 damage, and have 35/37 hp.
Natasha hisses angrily.
You hit the orc priest but do no damage.
You hit the orc priest but do no damage.
You headbutt the orc priest, but do no damage.
The orc priest hits you but does no damage.
You closely miss the orc priest. The orc priest hits you with a +0 mace.
Natasha mumbles some strange words.
You closely miss the orc priest. The orc priest barely misses you.
You take 4 damage, and have 32/37 hp.
You completely miss the orc priest. The orc priest closely misses you.
You hit the orc priest.
The orc priest is lightly wounded.
Natasha mumbles some strange words.
There is a stone staircase leading up here.
The orc priest calls down the wrath of Beogh upon you.
Beogh smites you!
You climb upwards.
There is a stone staircase leading down here.
You take 12 damage, and have 20/37 hp.
MASSIVE DAMAGE!!
You hit the orc priest. Your headbutt misses the orc priest.
The orc priest is moderately wounded.
The orc priest hits you but does no damage.
You barely miss the orc priest. You headbutt the orc priest.
The orc priest is moderately wounded.
The orc priest hits you but does no damage.
You closely miss the orc priest. You headbutt the orc priest!
The orc priest is severely wounded.
The orc priest mumbles some strange prayers to Beogh against you.
Beogh smites you!
* * * LOW HITPOINT WARNING * * *
You take 8 damage, and have 12/37 hp.
MASSIVE DAMAGE!!
You hit the orc priest but do no damage.
Your headbutt misses the orc priest.
The orc priest is severely wounded.
The orc priest hits you with a +0 mace.
* * * LOW HITPOINT WARNING * * *
You take 2 damage, and have 10/37 hp.
Unknown command.
You hit the orc priest but do no damage.
The orc priest is severely wounded.
Unknown command.
Your chain mail prevents you from hitting the orc priest.
The orc priest is severely wounded.
The orc priest hits you but does no damage.
You hit the orc priest but do no damage.
The orc priest is severely wounded.
The orc priest hits you but does no damage.
You closely miss the orc priest.
You headbutt the orc priest, but do no damage.
The orc priest is severely wounded.
The orc priest invokes the aid of Beogh against you.
Beogh smites you!
You die...

Skill      XL: |  1  2  3  4 |
---------------+-------------+-----
Unarmed Combat | 1 2 3 |  3.5
Fighting       | 1 2 |  2.5
Invocations    | 1 |  1.0
Armour         | 1 |  1.0
Dodging        | |  2.1
Stealth        | |  1.5
Spellcasting   | |  1.3
Conjurations   | |  0.6
Ice Magic      | |  2.1

Action                   |  1- 3 |  4- 6 || total
-------------------------+-------+-------++-------
Melee: Unarmed           |   155 |    76 ||   231
       Headbutt          |    17 |    11 ||    28
       Punch             |     1 |       ||     1
  Use: Scroll            |       |    10 ||    10
 Stab: Sleeping          |     2 |       ||     2
  Eat: Chunk             |     5 |     3 ||     8
Armor: Robe              |    19 |       ||    19
       Chain mail        |       |    27 ||    27
Dodge: Dodged            |    77 |    18 ||    95

Levels and vault maps discovered:
D:1:      dpeg_arrival_tiny_c, layout_basic
D:2:      layout_loops_ring, nicolae_qazlal_eye_of_the_storm,
          nicolae_overflow_hidden_temple, first_ration, serial_bayou_lagoon_a
D:3:      layout_loops_cross, fedhas_altar_2
D:4:      layout_loops_ring, serial_shops, shop, ebering_ghost_reflecting_pool,
          kennysheep_another_room, uniq_natasha

Notes
Turn   | Place    | Note
-------+----------+-------------------------------------------
     0 | D:1      | Monsterracer the Minotaur Ice Elementalist began the quest
                  | for the Orb.
     0 | D:1      | Reached XP level 1. HP: 14/14 MP: 1/1
   134 | D:1      | Reached skill level 1 in Unarmed Combat
   345 | D:1      | Reached skill level 1 in Fighting
   347 | D:1      | Reached XP level 2. HP: 20/23 MP: 3/3
   737 | D:1      | Reached skill level 2 in Unarmed Combat
  1126 | D:2      | Reached XP level 3. HP: 28/28 MP: 4/4
  1272 | D:2      | Found a stormy altar of Qazlal.
  1341 | D:2      | Found an iron altar of Okawaru.
  1342 | D:2      | Found a shattered altar of Ashenzari.
  1803 | D:2      | Became a worshipper of Qazlal Stormbringer
  2113 | D:3      | Found a blossoming altar of Fedhas.
  2172 | D:3      | Reached skill level 3 in Unarmed Combat
  2323 | D:3      | HP: 12/29 [orc/+0 flail (5)]
  2569 | D:3      | Reached XP level 4. HP: 20/36 MP: 5/5
  3245 | D:4      | Noticed Natasha
  3257 | D:4      | HP: 17/37 [Natasha (4)]
  3258 | D:4      | Killed Natasha
  3258 | D:4      | Reached skill level 1 in Invocations
  3464 | D:3      | Reached skill level 1 in Armour
  3513 | D:4      | Noticed Natasha
  3525 | D:3      | HP: 12/37 [orc priest/divine providence (8)]
  3530 | D:3      | Killed from afar by an orc priest

Vanquished Creatures
  Natasha (D:4)
  An adder (D:3)
  An ooze (D:3)
  5 worms (D:2 D:3)
  2 dart slugs (D:1)
  A leopard gecko (D:3)
  4 orcs (D:3)
  5 bats (D:1 D:2)
  2 giant cockroaches (D:2)
  4 goblins (D:1 D:2 D:3)
  8 hobgoblins (D:1 D:2 D:3)
  2 jackals (D:2)
  4 kobolds (D:1 D:3)
  2 frilled lizards (D:1)
  A quokka skeleton (D:3)
  10 rats (D:1 D:2 D:3)
53 creatures vanquished.

Table legend:
 A = Turns spent in this place as a percentage of turns spent in the entire game.
 B = Non-inter-level travel turns spent in this place as a percentage of non-inter-level travel turns spent in the entire game.
 C = Inter-level travel turns spent in this place as a percentage of turns spent in this place.
 D = Turns resting spent in this place as a percentage of non-inter-level travel turns spent in this place.
 E = Turns spent auto-exploring this place as a percentage of non-inter-level travel turns spent in this place.
 F = Non-inter-level travel turns spent in this place divided by the number of levels of this place that you've seen.
                   A       B       C       D       E      F
               +-------+-------+-------+-------+-------+----------------------
         Total | 100.0 | 100.0 |   6.2 |   0.0 |  85.4 | 827.8
       Dungeon | 100.0 | 100.0 |   6.2 |   0.0 |  85.4 | 827.8
               +-------+-------+-------+-------+-------+----------------------

Table legend:
 A = Non-vault XP
 B = Vault XP
 C = Vault XP percentage of total XP
 D = Non-vault monster count
 E = Vault monster count
 F = Vault count percentage of total count
                 A         B        C        D         E       F
            +---------+---------+-------+---------+---------+-------
      Total |     128 |      36 |  22.0 |      52 |       1 |   1.9
            +---------+---------+-------+---------+---------+-------
        D:1 |      26 |       0 |   0.0 |      14 |       0 |   0.0
        D:2 |      35 |       0 |   0.0 |      17 |       0 |   0.0
        D:3 |      67 |       0 |   0.0 |      21 |       0 |   0.0
        D:4 |       0 |      36 | 100.0 |       0 |       1 | 100.0
            +---------+---------+-------+---------+---------+-------
